 Dungeon Crawl Stone Soup version 0.29.1-15-g9cfb28693d (webtiles) character file.

Game seed: 15210190391584674216

3245 javelincjr the Destroyer (level 9, -3/67 HPs)
             Began as a Gnoll Conjurer on Apr 9, 2023.
             Killed from afar by an electric eel (8 damage)
             ... with a bolt of electricity
             ... on level 6 of the Dungeon.
             The game lasted 00:25:49 (9295 turns).

javelincjr the Destroyer (Gnoll Conjurer)           Turns: 9295, Time: 00:25:49

Health: -3/67      AC: 13    Str: 14    XL:     9   Next: 99%
Magic:  19/19      EV:  7    Int: 16    God:
Gold:   282        SH: 12    Dex: 11    Spells: 19/22 levels left

rFire   . . .      SeeInvis .   O - +4 hand axe (freeze)
rCold   + . .      Faith    .   D - +0 tower shield
rNeg    . . .      Spirit   .   B - +2 scale mail {rC+}
rPois   .          Reflect  .   l - +2 helmet
rElec   .          Harm     .   C - scarf {repulsion}
rCorr   .          Rampage  .   g - +0 pair of gloves
Will    .....      Rage     3%  (no boots)
Stlth   ++........              (no amulet)
HPRegen 0.21/turn               m - ring of flight
MPRegen 0.16/turn               (no ring)

@: flying, repel missiles
A: fangs 1, strong nose, distributed training, berserk 1, strong 1
a: no special abilities


You were on level 6 of the Dungeon.
You visited 1 branch of the dungeon, and saw 6 of its levels.
You also visited: Ossuary.

You collected 282 gold pieces.

Inventory:

Hand Weapons
 f - a +0 hand axe
 v - a +2 dagger of speed
 w - a +1 mace of protection
 x - a +1 flail of holy wrath
 z - a +4 quarterstaff of chaos
 A - a +0 dagger of venom
 H - a +0 arbalest
 O - a +4 hand axe of freezing (weapon)
Missiles
 y - 5 javelins
Armour
 a - a +0 robe
 g - a +0 pair of gloves (worn)
 l - a +2 helmet (worn)
 n - a +0 cloak
 B - a +2 scale mail of cold resistance (worn)
 C - a scarf of repulsion (worn)
 D - a +0 tower shield (worn)
Jewellery
 m - a ring of flight (left hand)
Wands
 J - a wand of polymorph (3)
 K - a wand of flame (50)
 N - a wand of roots (8)
Scrolls
 c - 2 scrolls of immolation {unknown}
 e - 2 scrolls of teleportation
 o - 2 scrolls of butterflies
 q - 2 scrolls of summoning {unknown}
 r - 2 scrolls of fear
 s - 2 scrolls of enchant armour {unknown}
 u - 2 scrolls of magic mapping {unknown}
 E - a scroll of silence {unknown}
Potions
 b - 3 potions of magic
 d - 5 potions of curing
 h - 4 potions of lignification
 i - 4 potions of mutation
 j - 2 potions of heal wounds {unknown}
 k - a potion of invisibility {unknown}
 p - 2 potions of might {unknown}
 t - a potion of resistance {unknown}
 F - 3 potions of berserk rage {unknown}
 G - 3 potions of flight {unknown}
 I - a potion of attraction {unknown}
 L - 3 potions of degeneration {unknown}
 M - a potion of haste {unknown}


   Skills:
 + Level 4.9 Fighting
 + Level 4.9 Short Blades
 + Level 4.9 Long Blades
 + Level 4.9 Axes
 + Level 4.9 Maces & Flails
 + Level 4.9 Polearms
 + Level 4.9 Staves
 + Level 4.9 Ranged Weapons
 + Level 4.9 Throwing
 + Level 4.9 Armour
 + Level 6.8 Dodging
 + Level 6.5 Stealth
 + Level 4.9 Shields
 + Level 4.9 Unarmed Combat
 + Level 7.1 Spellcasting
 + Level 8.3 Conjurations
 + Level 4.1 Hexes
 + Level 4.1 Summonings
 + Level 4.1 Necromancy
 + Level 4.1 Translocations
 + Level 4.1 Transmutations
 + Level 4.1 Fire Magic
 + Level 4.1 Ice Magic
 + Level 4.1 Air Magic
 + Level 4.1 Earth Magic
 + Level 4.1 Poison Magic
 + Level 5.4 Invocations
 + Level 4.9 Evocations


You had 19 spell levels left.
You knew the following spells:

 Your Spells              Type           Power      Damage    Failure   Level
a - Magic Dart            Conj           100%       1d8       17%         1
b - Searing Ray           Conj           64%        2d6       26%         2

Your spell library contained the following spells:

 Spells                   Type           Power      Damage    Failure   Level
 Apportation              Tloc           36%        N/A       67%         1
 Beastly Appendage        Tmut           36%        N/A       67%         1
 Necrotise                Necr           72%        1d7       67%         1
 Summon Small Mammal      Summ           72%        N/A       67%         1
 Dazzling Flash           Conj/Hex       50%        N/A       75%         3
 Ensorcelled Hibernation  Hex/Ice        36%        N/A       82%         2
 Wereblood                Tmut           18%        N/A       82%         2
 Gell's Gravitas          Tloc           18%        N/A       96%         3
 Inner Flame              Hex/Fire       18%        N/A       96%         3
 Spider Form              Tmut/Pois      18%        N/A       96%         3
 Teleport Other           Tloc           18%        N/A       96%         3
 Fulminant Prism          Conj/Hex       12%        3d9       98%         4
 Iskenderun's Mystic Bla  Conj/Tloc      25%        2d7       98%         4
 Anguish                  Hex/Necr       9%         N/A       100%        4
 Cause Fear               Hex            9%         N/A       100%        4
 Dispersal                Tloc           9%         N/A       100%        6
 Discord                  Hex            9%         N/A       100%        8


Dungeon Overview and Level Annotations

Branches:
Dungeon (6/15)            Ossuary (visited)
 Temple: D:4-7

Altars:
Ashenzari
Gozag
Makhleb
Ru
Zin

Shops:
D:2 ?   D:3 [

Annotations:
D:6 3 runed translucent doors, booth's ghost, novice GrEE


Innate Abilities, Weirdness & Mutations

You have very sharp teeth.
Your uncanny sense of smell can sniff out nearby items.
Your experience applies equally to all skills.
You sometimes lose your temper in combat.
Your muscles are strong. (Str +4, Int/Dex -1)


Message History

You recover from your berserk rage.
Found a stone staircase leading up.
The electric eel shoots out a bolt of lightning at you!
The bolt of electricity hits you! x2
There is a stone staircase leading up here.
The electric eel shoots out a bolt of lightning at you!
The bolt of electricity hits you!
You barely miss the electric eel. You closely miss the electric eel.
You bite the electric eel.
The electric eel is lightly wounded.
The electric eel shoots out a bolt of lightning at you!
The bolt of electricity misses you. The bolt of electricity hits you!
The bolt of electricity hits the electric eel.
The electric eel completely resists.
The electric eel shoots out a bolt of lightning at you!
The bolt of electricity hits you!
* * * LOW HITPOINT WARNING * * *
The bolt of electricity hits you!
* * * LOW HITPOINT WARNING * * *
The bolt of electricity hits the electric eel.
The electric eel completely resists.
You closely miss the electric eel. Your bite misses the electric eel.
The electric eel is lightly wounded.
You completely miss the electric eel.
The electric eel is lightly wounded.
You barely miss the electric eel.
The electric eel is lightly wounded.
The electric eel shoots out a bolt of lightning at you!
The bolt of electricity hits you!
* * * LOW HITPOINT WARNING * * *
The bolt of electricity hits you but does no damage.
The bolt of electricity hits the electric eel.
The electric eel completely resists.
You slash the electric eel!
The electric eel seems to slow down.
You freeze the electric eel.
You bite the electric eel, but do no damage.
The electric eel is severely wounded.
The electric eel shoots out a bolt of lightning at you!
The bolt of electricity hits you!
You die...

..~..#
#.....##...........
##.### #
#.##.####.....##.##
...# #.#†##.#
#.....# .. ####
#......####.....# .
###......##.....#
#.####.##.....#
###.####.########
#......#<#
#....@...#
#..~S~~..#
#.~~~~~.##
#§§§~~~.# #§P§§§~.#
##§§§§P.. ∆
#########


You could see an electric eel (slow).

Vanquished Creatures
  Pikel (D:5)
  Grinder (D:5)
  Menkaure (D:6)
  A floating eye (D:4)
  A water moccasin (D:5)
  An ice beast (D:6)
  4 ogres
  2 phantoms (D:6)
  3 lemures (D:5)
  Blork the orc (D:6)
  2 bullfrogs (D:6)
  A necrophage (D:5)
  A wyvern zombie (D:6)
  An elf zombie (Ossuary)
  A water moccasin zombie (D:6)
  A scorpion (D:6)
  2 wyvern skeletons (D:6)
  4 centaur zombies
  A gnoll bouda (D:5)
  4 hounds
  2 human zombies (Ossuary)
  5 jellies
  A centaur skeleton (D:6)
  4 orc priests
  Crazy Yiuf (D:5)
  Jessica (D:2)
  An iguana (D:5)
  2 orc wizards
  2 mummies (Ossuary)
  A howler monkey zombie (D:6)
  5 adders
  13 gnolls
  An adder zombie (Ossuary)
  A worm (D:2)
  2 dart slugs
  15 orcs
  5 ball pythons
  11 bats
  5 endoplasms
  3 giant cockroaches
  7 goblins
  5 hobgoblins
  2 jackals (D:3)
  5 kobolds
  3 quokkas
  5 frilled lizards
  11 hobgoblin zombies (Ossuary)
  3 jackal zombies (Ossuary)
  11 kobold zombies (Ossuary)
  3 orc zombies (Ossuary)
  3 rats
  2 rat zombies (Ossuary)
175 creatures vanquished.

Vanquished Creatures (others)
  2 fungi (D:1)
  6 withered plants (D:6)
8 creatures vanquished.

Grand Total: 183 creatures vanquished

Notes
Turn   | Place    | Note
-------+----------+-------------------------------------------
     0 | D:1      | javelincjr the Gnoll Conjurer began the quest for the Orb.
     0 | D:1      | Reached XP level 1. HP: 13/13 MP: 6/6
    63 | D:1      | Reached XP level 2. HP: 19/19 MP: 2/7
   736 | D:1      | Reached skill level 5 in Spellcasting
   736 | D:1      | Reached XP level 3. HP: 25/25 MP: 5/9
   815 | D:1      | Found a faded altar of an unknown god.
  1355 | D:2      | Reached skill level 1 in Invocations
  1497 | D:2      | Found Ficket's Magic Scroll Emporium.
  1726 | D:2      | Noticed Jessica
  1732 | D:2      | Killed Jessica
  1733 | D:2      | Reached skill level 1 in Fighting
  1733 | D:2      | Reached skill level 1 in Short Blades
  1733 | D:2      | Reached skill level 1 in Long Blades
  1733 | D:2      | Reached skill level 1 in Axes
  1733 | D:2      | Reached skill level 1 in Maces & Flails
  1733 | D:2      | Reached skill level 1 in Polearms
  1733 | D:2      | Reached skill level 1 in Staves
  1733 | D:2      | Reached skill level 1 in Ranged Weapons
  1733 | D:2      | Reached skill level 1 in Throwing
  1733 | D:2      | Reached skill level 1 in Armour
  1733 | D:2      | Reached skill level 1 in Shields
  1733 | D:2      | Reached skill level 1 in Unarmed Combat
  1733 | D:2      | Reached skill level 1 in Evocations
  1733 | D:2      | Reached XP level 4. HP: 32/32 MP: 3/11
  1807 | D:2      | Learned a level 2 spell: Searing Ray
  1873 | D:2      | Reached skill level 1 in Hexes
  1873 | D:2      | Reached skill level 1 in Summonings
  1873 | D:2      | Reached skill level 1 in Necromancy
  1873 | D:2      | Reached skill level 1 in Translocations
  1873 | D:2      | Reached skill level 1 in Transmutations
  1873 | D:2      | Reached skill level 1 in Fire Magic
  1873 | D:2      | Reached skill level 1 in Ice Magic
  1873 | D:2      | Reached skill level 1 in Air Magic
  1873 | D:2      | Reached skill level 1 in Earth Magic
  1873 | D:2      | Reached skill level 1 in Poison Magic
  2239 | D:3      | You are sucked into a shaft and drop 2 floors!
  2239 | D:5      | Entered Level 5 of the Dungeon
  2240 | D:5      | Noticed Grinder
  2272 | D:5      | Killed Grinder
  2273 | D:5      | Reached skill level 5 in Dodging
  2273 | D:5      | Reached XP level 5. HP: 4/38 MP: 0/12
  2273 | D:5      | Reached XP level 6. HP: 5/44 MP: 0/14
  2699 | D:5      | Noticed a water moccasin
  2713 | D:5      | Killed a water moccasin
  2714 | D:5      | Reached XP level 7. HP: 29/51 MP: 2/15
  2982 | D:5      | Found a runed translucent door.
  2983 | D:5      | Noticed Crazy Yiuf
  2997 | D:5      | Killed Crazy Yiuf
  2998 | D:5      | Reached skill level 5 in Stealth
  3203 | D:5      | Noticed Pikel
  3223 | D:5      | Killed Pikel
  3224 | D:5      | Reached XP level 8. HP: 13/58 MP: 1/17
  4069 | D:5      | HP: 2/58 [acid (4)]
  4416 | D:5      | Found an opulent altar of Gozag.
  5509 | D:4      | Noticed a harpy
  5509 | D:4      | a jelly changed into a harpy
  5510 | D:4      | Noticed a wind drake
  5510 | D:4      | a harpy changed into a wind drake
  5530 | D:4      | a wind drake changed into a floating eye
  5532 | D:4      | Paralysed by a floating eye for 3 turns
  6267 | D:3      | Found Qoammel's Antique Armour Boutique.
  6421 | D:3      | Reached XP level 9. HP: 30/65 MP: 18/18
  7148 | D:6      | Found a sand-covered staircase.
  7153 | Ossuary  | Entered an ossuary
  7615 | Ossuary  | Reached skill level 8 in Conjurations
  7676 | Ossuary  | Gained mutation: You sometimes lose your temper in combat.
                  | [potion of mutation]
  7676 | Ossuary  | Gained mutation: You have a pair of small horns on your
                  | head. [potion of mutation]
  7676 | Ossuary  | Lost mutation: You have a pair of small horns on your head.
                  | [potion of mutation]
  7676 | Ossuary  | Gained mutation: Your muscles are strong. (Str +4, Int/Dex
                  | -1) [potion of mutation]
  8072 | D:6      | Found a runed translucent gate.
  8078 | D:6      | Found a runed translucent gate.
  8078 | D:6      | Found a runed translucent gate.
  8080 | D:6      | Noticed booth's ghost (novice GrEE)
  8148 | D:6      | Found a glowing silver altar of Zin.
  8539 | D:6      | Reached skill level 5 in Invocations
  8856 | D:6      | Found a broken altar of Ashenzari.
  8856 | D:6      | Noticed Blork the orc
  8869 | D:6      | Killed Blork the orc
  8997 | D:6      | Found a sacrificial altar of Ru.
  9008 | D:6      | Found a burning altar of Makhleb.
  9221 | D:6      | Noticed Menkaure
  9230 | D:6      | Killed Menkaure
  9295 | D:6      | Killed from afar by an electric eel

Illustrated notes

Levels and vault maps discovered:
D:1:      dpeg_arrival_tiny_c, layout_loops_ring,
          dreamdust_ecumenical_altar_hidden_monk_grotto
D:2:      layout_basic, serial_shops, nicolae_shop_waterfront,
          kennysheep_another_room, uniq_jessica
D:3:      layout_loops_ring, serial_shops, shop, grunt_decor_mini_mirrors
D:4:      layout_basic
D:5:      layout_loops_ring, grunt_gozag_statues, kennysheep_cross_room,
          uniq_pikel, uniq_crazy_yiuf_cottage, uniq_grinder
D:6:      layout_loops_cross, amethyst_overflow_temple_binary, zin_scriptorium,
          ashenzari_conservatory_becter, enter_ossuary_5,
          ebering_ghost_rock_garden, serial_undead, serial_undead_c,
          serial_undead_f, serial_undead_f, serial_undead_f, uniq_menkaure,
          uniq_blork_the_orc

Skill      XL: |  1  2  3  4  5  6  7  8  9 |
---------------+----------------------------+-----
Spellcasting   | 5 6 7 |  7.1
Invocations    | 1 2 3 4 5 |  5.4
Fighting       | 1 2 3 4 |  4.9
Short Blades   | 1 2 3 4 |  4.9
Long Blades    | 1 2 3 4 |  4.9
Axes           | 1 2 3 4 |  4.9
Maces & Flails | 1 2 3 4 |  4.9
Polearms       | 1 2 3 4 |  4.9
Staves         | 1 2 3 4 |  4.9
Ranged Weapons | 1 2 3 4 |  4.9
Throwing       | 1 2 3 4 |  4.9
Armour         | 1 2 3 4 |  4.9
Shields        | 1 2 3 4 |  4.9
Unarmed Combat | 1 2 3 4 |  4.9
Evocations     | 1 2 3 4 |  4.9
Hexes          | 1 2 3 4 |  4.1
Summonings     | 1 2 3 4 |  4.1
Necromancy     | 1 2 3 4 |  4.1
Translocations | 1 2 3 4 |  4.1
Transmutations | 1 2 3 4 |  4.1
Fire Magic     | 1 2 3 4 |  4.1
Ice Magic      | 1 2 3 4 |  4.1
Air Magic      | 1 2 3 4 |  4.1
Earth Magic    | 1 2 3 4 |  4.1
Poison Magic   | 1 2 3 4 |  4.1
Dodging        | 5 6 |  6.8
Stealth        | 5 6 |  6.5
Conjurations   | 8 |  8.3

Action                   |  1- 3 |  4- 6 |  7- 9 || total
-------------------------+-------+-------+-------++-------
Melee: Unarmed           |     7 |       |       ||     7
       Hand axe          |       |    10 |    70 ||    80
       Mace              |       |       |   288 ||   288
       Bite              |       |       |    69 ||    69
       Quarterstaff      |       |       |     6 ||     6
       Punch             |       |       |     1 ||     1
       Dagger            |       |       |    77 ||    77
 Cast: Magic Dart        |    71 |    18 |   144 ||   233
       Searing Ray       |       |     9 |    17 ||    26
Evoke: Wand              |       |       |     3 ||     3
  Use: Scroll            |       |       |     6 ||     6
       Potion            |       |       |     1 ||     1
 Stab: Sleeping          |       |       |     2 ||     2
Armor: Robe              |     2 |     5 |     8 ||    15
       Scale mail        |       |       |   288 ||   288
Dodge: Dodged            |     2 |    14 |   132 ||   148
       Repelled          |       |       |     2 ||     2
Block: Tower shield      |       |       |   311 ||   311
